cohdb
Replays
Latest Replays
All Replays
Popular Replays
Top Player Replays
Match Explorer
How It Works
Community
CoH3 Stats
Reddit
Sign in to upload your games and track your stats! →
Sign in with Steam
Match 45213530
Unlisted
Match 45213530
Overview
Messages
Build Orders
End
Engineer Squad
Construct Barracks
Riflemen Squad
Riflemen Squad
M1 Mortar Team
Infantry Support Center
Construct Weapon Support Center
M1919 Machine Gun Team
Scout Squad
M3 Armored Personnel Carrier
Forward Retreat Point
Survival Training
Grenade Package
Construct Tank Depot
Selects Armored Battlegroup
Selects Fast Deploy
Selects M8 Scott SPG
Selects UNKNOWN (2160077)
Selects Veteran Crews
M4A3E8 Sherman Easy Eight
Selects M31 Recovery Vehicle
M31 Recovery Vehicle
Selects War Machine
M18 Hellcat Tank Destroyer
ranger
1003604386
勇于撤退先遣兵
-97
Jm200092
暗羽之夜
Silver
Peetybird5000
0
0
Comments
sign in to comment!
No comments posted yet!